 Dungeon Crawl Stone Soup version 0.29.1-12-g30fa7ad0bf (webtiles) character file.

Game seed: 1140545785164932193

75 warriortoast the Conjurer (level 4, 0/33 HPs)
             Began as a Draconian Conjurer on Dec 12, 2022.
             Slain by a gnoll
             ... wielding a +0 flail
              (3 damage)
             ... on level 2 of the Dungeon.
             The game lasted 00:02:31 (2073 turns).

warriortoast the Conjurer (Draconian Conjurer)      Turns: 2073, Time: 00:02:31

Health: 0/33       AC:  5    Str:  9    XL:     4   Next: 11%
Magic:  0/7        EV: 12    Int: 21    God:
Gold:   147        SH:  0    Dex:  9    Spells: 7/8 levels left

rFire   . . .      SeeInvis .   h - +3 dagger (speed)
rCold   . . .      Faith    .   (no shield)
rNeg    . . .      Spirit   .   (body armour unavailable)
rPois   .          Reflect  .   (helmet restricted)
rElec   .          Harm     .   (no cloak)
rCorr   .          Rampage  .   (no gloves)
Will    .....                   (no boots)
Stlth   ++........              (no amulet)
HPRegen 0.11/turn               (no ring)
MPRegen 0.10/turn               (no ring)

@: no status effects
A: AC +5, unfitting armour, cold-blooded
a: no special abilities


You were on level 2 of the Dungeon.
You visited 1 branch of the dungeon, and saw 3 of its levels.

You collected 147 gold pieces.

Inventory:

Hand Weapons
 c - a +0 mace
 h - a +3 dagger of speed (weapon)
Scrolls
 b - 3 scrolls of vulnerability {unknown}
 e - a scroll of poison {unknown}
 g - 2 scrolls of identify {unknown}
 i - a scroll of blinking {unknown}
 j - a scroll of butterflies {unknown}
Potions
 a - a potion of magic
 d - a potion of mutation {unknown}
 f - a potion of heal wounds {unknown}
 k - a potion of brilliance {unknown}


   Skills:
 + Level 2.4 Dodging
 + Level 2.6 Stealth
 + Level 2.6 Spellcasting
 + Level 4.4 Conjurations


You had 7 spell levels left.
You knew the following spells:

 Your Spells              Type           Power      Damage    Failure   Level
a - Magic Dart            Conj           84%        1d7       2%          1

Your spell library contained the following spells:

 Spells                   Type           Power      Damage    Failure   Level
 Searing Ray              Conj           42%        2d6       3%          2
 Sandblast                Erth           4%         2d4       14%         1
 Dazzling Flash           Conj/Hex       24%        N/A       17%         3
 Stone Arrow              Conj/Erth      24%        3d8       17%         3
 Passwall                 Tmut/Erth      1%         N/A       22%         2
 Fulminant Prism          Conj/Hex       6%         3d7       50%         4
 Iskenderun's Mystic Bla  Conj/Tloc      12%        2d5       50%         4


Dungeon Overview and Level Annotations

Branches:
Dungeon (3/15)

Altars:


Innate Abilities, Weirdness & Mutations

Your plain brown scales are hard. (AC +5)
You cannot fit into any form of body armour.
You are cold-blooded and may be slowed by cold attacks.


Message History

Aim: a gnoll, wielding a +0 flail and wearing a +0 ring mail (moderately wounded, 100% to hit)
The magic dart hits the gnoll but does no damage.
The gnoll is moderately wounded.
The gnoll misses you.
Aiming: Magic Dart (safe; 2% risk of failure)
Press: ? - help, Q - select action Shift-Dir - straight line, f/p - gnoll
Aim: a gnoll, wielding a +0 flail and wearing a +0 ring mail (moderately wounded, 100% to hit)
The magic dart hits the gnoll.
The gnoll is moderately wounded.
The gnoll barely misses you.
You don't have enough magic to cast this spell.
You don't have enough magic to cast this spell.
You hit the gnoll but do no damage.
The gnoll is moderately wounded.
You hit the gnoll but do no damage.
Your tail-slap misses the gnoll.
The gnoll is moderately wounded.
The gnoll hits you with a +0 flail.
* * * LOW HITPOINT WARNING * * *
You hit the gnoll.
The gnoll is heavily wounded.
The gnoll misses you.
You completely miss the gnoll.
Your tail-slap misses the gnoll.
You punch the gnoll, but do no damage.
The gnoll is heavily wounded.
You hit the gnoll but do no damage.
The gnoll is heavily wounded.
The gnoll hits you with a +0 flail.
* * * LOW HITPOINT WARNING * * *
You hit the gnoll but do no damage.
The gnoll is heavily wounded.
Aiming: Magic Dart (safe; 2% risk of failure)
Press: ? - help, Q - select action Shift-Dir - straight line, f/p - gnoll
Aim: a gnoll, wielding a +0 flail and wearing a +0 ring mail (heavily wounded, 100% to hit)
The magic dart hits the gnoll.
The gnoll is almost dead.
The gnoll closely misses you.
You closely miss the gnoll.
The gnoll is almost dead.
The gnoll hits you with a +0 flail.
You die...

########.........#.........
#########...................
#..............###.#........
#....#########.....####..♣♣.
#.....# #...........##..♣♣~
#.....# ###............♣♣♣~
#.....# ##..####..####♣♣P.
##.##.# ##.>## ##..♣♣♣♣♣P.
#.##.## #.@## #..P~PP♣~~
#.##..# #g## ##..~~~~~~
#.##..###.# ##~♣PP~~.
#)###..##.# #♣♣♣♣♣♣~ #.#
#..##.# #.♣♣#♣♣~ #.# #...#.#
#######.#..♣♣. #.#
##.>..####...#......♣♣~ #.#
###...............#♣P.
#.######..##...........#...


You could see a gnoll.

Vanquished Creatures
  A gnoll (D:3)
  2 adders
  A worm (D:2)
  A dart slug (D:1)
  5 bats
  4 endoplasms (D:1)
  3 giant cockroaches
  4 goblins
  4 hobgoblins (D:2)
  3 quokkas
  5 ball pythons
  4 frilled lizards (D:2)
  2 kobolds
  3 rats
42 creatures vanquished.

Notes
Turn   | Place    | Note
-------+----------+-------------------------------------------
     0 | D:1      | warriortoast the Draconian Conjurer began the quest for the
                  | Orb.
     0 | D:1      | Reached XP level 1. HP: 14/14 MP: 3/3
   224 | D:1      | Reached XP level 2. HP: 20/20 MP: 0/5
   768 | D:1      | Found a faded altar of an unknown god.
  1162 | D:2      | Reached XP level 3. HP: 26/26 MP: 1/6
  2023 | D:3      | Reached XP level 4. HP: 33/33 MP: 2/7
  2073 | D:2      | Slain by a gnoll

Illustrated notes

Levels and vault maps discovered:
D:1:      lemuel_arrival_muddy, layout_basic,
          dreamdust_ecumenical_altar_hidden_monk_grotto
D:2:      layout_rooms, minmay_misc_feat_square, kennysheep_nub,
          serial_bayou_crossing
D:3:      layout_rooms, nicolae_figureground_pulse

Skill      XL: |  1 |
---------------+----+-----
Stealth        | 2 |  2.6
Dodging        | 2 |  2.4
Spellcasting   | |  2.6
Conjurations   | |  4.4

Action                   |  1- 3 |  4- 6 || total
-------------------------+-------+-------++-------
Melee: Mace              |     2 |       ||     2
       Tailslap          |     1 |       ||     1
       Dagger            |     6 |     7 ||    13
       Punch             |       |     1 ||     1
 Cast: Magic Dart        |    85 |     7 ||    92
Armor: Skin              |     1 |     1 ||     2
Dodge: Dodged            |     2 |    16 ||    18
